 Dungeon Crawl Stone Soup version 0.30.1-11-g7821555f0a (webtiles) character file.

Game seed: 6537931815428669937

270 cent the Ruffian (level 6, -1/26 (32) HPs)
             Began as a Vine Stalker Cinder Acolyte on Dec 19, 2023.
             Was a High Priest of Ignis.
             Slain by a gnoll
             ... wielding a +1 whip of draining
              (8 damage)
             ... on level 3 of the Dungeon.
             The game lasted 00:02:34 (1603 turns).

cent the Ruffian (Vine Stalker Cinder Acolyte)      Turns: 1603, Time: 00:02:36

HP:   -1/26 (32)    AC:  5    Str: 18    XL:     6   Next: 22%
MP:   0/8           EV: 11    Int: 14    God:    Ignis [*****.]
Gold: 102           SH:  0    Dex: 10    Spells: 7/7 levels left

rFire   + .          .
                       - Unarmed
rCold   . . .        (no shield)
rNeg    . . .        a - +0 robe
rPois   .            (no helmet)
rElec   .            (no cloak)
rCorr   .            (no gloves)
SInv    .            f - +2 pair of boots
Will    .....        (no amulet)
Stlth   +            (no ring)
HPRegen 1.04/turn    (no ring)
MPRegen 0.11/turn

%: guardian spirit
@: slowed, heavily drained, very slow
A: fangs 2, regeneration 1, magic shield, antimagic bite, no potion heal 2
a: Renounce Religion, Fiery Armour, Foxfire Swarm, Rising Flame


You were on level 3 of the Dungeon.
You worshipped Ignis.
Ignis was extremely pleased with you.
You visited 1 branch of the dungeon, and saw 3 of its levels.

You collected 102 gold pieces.

Inventory:

Armour
 a - a +0 robe (worn)
 f - a +2 pair of boots (worn)
Scrolls
 d - 3 scrolls of identify {unknown}
 h - a scroll of enchant armour {unknown}
 j - a scroll of noise {unknown}
Potions
 b - a potion of attraction {unknown}
 c - 3 potions of curing {unknown}
 e - 2 potions of flight {unknown}
 g - a potion of resistance {unknown}
 i - a potion of lignification {unknown}
 k - a potion of invisibility {unknown}


   Skills:
 - Level 2.6 Fighting
 + Level 6.8 Unarmed Combat
 - Level 1.1 Spellcasting
 - Level 3.0 Fire Magic


You had 7 spell levels left.
You didn't know any spells.
Your spell library contained the following spells:

 Spells                   Type           Power      Damage    Failure   Level
 Scorch                   Fire           18%        2d5       12%         2
 Necrotise                Necr           0%         1d4       26%         1
 Blink                    Tloc           0%         N/A       36%         2
 Vampiric Draining        Necr           0%         2d6       61%         3
 Manifold Assault         Tloc           0%         N/A       95%         4
 Agony                    Necr           0%         N/A       100%        5
 Storm Form               Tmut/Air       0%         N/A       100%        7


Dungeon Overview and Level Annotations

Branches:
Dungeon (3/15)

Altars:
Trog


Innate Abilities, Weirdness & Mutations

You have extremely sharp teeth.
Your natural rate of healing is unusually fast.
When hurt, damage is shared between your health and your magic reserves.
Your bite disrupts and absorbs the magic of your enemies.
Potions cannot restore your health.


Message History

You hit Natasha but do no damage. Natasha casts a spell at you.
You feel yourself slow down.
You closely miss Natasha. Your bite misses Natasha. Natasha claws you.
You barely miss Natasha.
Natasha zaps a wand.
The roots erupt in riotous growth!
The grasping roots grab you!
Natasha is unaffected.
The grasping roots constrict you. Natasha claws you.
The grasping roots constrict you.
You hear a shout!
You hit Natasha. Your punch misses Natasha. You bite Natasha.
Natasha's magic leaks into the air.
You drain her magic.
You feel invigorated.
Natasha is moderately wounded.
Natasha mumbles some strange words.
The grasping roots constrict you.
A gnoll comes into view. It is wielding a +0 spear.
You hit Natasha. You punch Natasha.
You kill Natasha!
Natasha growls in agony!
The cerulean imp disappears in a puff of smoke!
You closely miss the gnoll.
The gnoll hits you with a +1 whip of draining!
You feel drained.
You are too injured to fight recklessly!
You are too injured to fight recklessly!
There are monsters nearby!
The gnoll hits you with a +1 whip of draining.
You feel drained. The gnoll attacks as you move away!
The gnoll hits you with a +1 whip of draining.
You feel drained.
The gnoll hits you with a +1 whip of draining!
You feel drained. The gnoll attacks as you move away!
The gnoll hits you with a +1 whip of draining.
* * * LOW HITPOINT WARNING * * *
You feel drained.
* * * LOW HITPOINT WARNING * * *
The gnoll hits you with a +1 whip of draining!
You die...

#.# #.# #.#
#.#### #....#
#.##.# #....#
#..### #@.#
##g.#####
###.......#
#.g.#####.# .###
###g### ..g.
##...#
####.g##..#####
#.....†...)......
#.###.#.#########


You could see 3 gnolls.

Vanquished Creatures
  Sigmund (D:2)
  Natasha (twice) (D:3)
  An adder (D:3)
  A dart slug (D:1)
  5 endoplasms
  A giant cockroach (D:2)
  5 goblins
  5 hobgoblins
  4 jackals (D:1)
  5 quokkas
  3 ball pythons
  2 bats
  5 frilled lizards
  A kobold (D:2)
  8 rats
49 creatures vanquished.

Notes
Turn   | Place    | Note
-------+----------+-------------------------------------------
     0 | D:1      | cent the Vine Stalker Cinder Acolyte began the quest for
                  | the Orb.
     0 | D:1      | Reached XP level 1. HP: 11/11 MP: 3/3
   118 | D:1      | Reached XP level 2. HP: 16/16 MP: 4/4
   302 | D:1      | Reached skill level 4 in Unarmed Combat
   376 | D:1      | Reached XP level 3. HP: 14/19 MP: 2/5
   754 | D:2      | Found a faded altar of an unknown god.
   772 | D:2      | Noticed Sigmund
   783 | D:2      | Killed Sigmund
   784 | D:2      | Reached skill level 6 in Unarmed Combat
   784 | D:2      | Gained mutation: Your natural rate of healing is unusually
                  | fast. [Vine Stalker growth]
   784 | D:2      | Reached XP level 4. HP: 20/23 MP: 6/6
   784 | D:2      | Reached XP level 5. HP: 24/27 MP: 7/7
  1266 | D:3      | Noticed Natasha
  1289 | D:3      | Killed Natasha
  1290 | D:3      | Reached XP level 6. HP: 17/32 MP: 3/8
  1477 | D:3      | Found a bloodstained altar of Trog.
  1587 | D:3      | Noticed Natasha
  1594 | D:3      | Killed Natasha
  1603 | D:3      | Slain by a gnoll

Illustrated notes

Levels and vault maps discovered:
D:1:      minmay_arrival_four_houses, layout_rooms
D:2:      layout_basic, chequers_ecumenical_altar_simple, uniq_sigmund
D:3:      layout_basic, lemuel_coloured_pillars_altar, uniq_natasha

Skill      XL: |  1  2  3 |
---------------+----------+-----
Unarmed Combat | 4 6 |  6.8
Fighting       | |  2.6
Spellcasting   | |  1.1
Fire Magic     | |  3.0

Action                     |  1- 3 |  4- 6 || total
---------------------------+-------+-------++-------
  Melee: Unarmed           |   100 |    52 ||   152
         Bite              |    14 |    10 ||    24
         Punch             |     3 |     2 ||     5
 Armour: Robe              |    26 |    15 ||    41
  Dodge: Dodged            |    72 |    22 ||    94
